 Dungeon Crawl Stone Soup version 0.25.1-2-g60ff931df9 (webtiles) character file.

Game seed: 10300026423442482839

354 Impeuri the Sneak (level 6, -2/30 HPs)
             Began as a Vine Stalker Assassin on Aug 20, 2020.
             Slain by an orc wizard
             ... wielding a +0 dagger
              (3 damage)
             ... on level 4 of the Dungeon.
             The game lasted 00:06:07 (3575 turns).

Impeuri the Sneak (Vine Stalker Assassin)           Turns: 3575, Time: 00:06:08

Health: -2/30      AC:  3    Str: 14    XL:     6   Next: 62%
Magic:  0/7        EV: 11    Int: 11    God:
Gold:   207        SH:  0    Dex: 17    Spells: 5/5 levels left

rFire    . . .     SeeInvis .   a - +2 dagger
rCold    . . .     Gourm    .   (no shield)
rNeg     . . .     Faith    .   b - +0 robe
rPois    .         Spirit   +   (no helmet)
rElec    .         Reflect  .   c - +0 cloak
rCorr    .         Harm     .   (no gloves)
MR       .....                  (no boots)
Stlth    ++++......             (no amulet)
HPRegen  0.50/turn              (no ring)
MPRegen  0.10/turn              (no ring)

@: no status effects
A: fangs 2, regeneration 1, magic shield, antimagic bite, no potion heal 3, rot
immunity
a: no special abilities


You were on level 4 of the Dungeon.
You were not hungry.

You visited 1 branch of the dungeon, and saw 4 of its levels.

You collected 207 gold pieces.

Inventory:

Hand Weapons
 a - a +2 dagger (weapon)
Missiles
 d - 4 poisoned darts (quivered)
Armour
 b - a +0 robe (worn)
 c - a +0 cloak (worn)
Jewellery
 l - a cursed ring of attention {unknown}
Scrolls
 g - 6 scrolls of remove curse {unknown}
 h - 4 scrolls of identify {unknown}
 j - a scroll of blinking {unknown}
 k - 6 scrolls of teleportation {unknown}
 o - a scroll of magic mapping {unknown}
 p - a scroll of amnesia {unknown}
Potions
 i - a potion of heal wounds {unknown}
 m - a potion of flight {unknown}
 n - a potion of resistance {unknown}
 q - a potion of berserk rage {unknown}
Comestibles
 f - 2 rations
 r - 4 chunks of flesh


   Skills:
 - Level 1.7 Fighting
 + Level 3.8 Short Blades
 + Level 3.8 Throwing
 - Level 0.7 Dodging
 + Level 6.9 Stealth


You had 5 spell levels left.
You didn't know any spells.
Your spell library was empty.

Dungeon Overview and Level Annotations

Branches:
Dungeon (4/15)
 Temple: D:4-7

Altars:
Fedhas
Hepliaklqana
Vehumet


Innate Abilities, Weirdness & Mutations

You have extremely sharp teeth.
Your natural rate of healing is unusually fast.
When hurt, damage is shared between your health and your magic reserves.
Your bite disrupts and absorbs the magic of your enemies.
Potions cannot restore your health.
You are immune to rotting.


Message History

Throwing (i - inventory)
d - 6 poisoned darts (quivered)
Press: ? - help, Shift-Dir - straight line, f/p - orc wizard
Aim: an orc wizard, wielding a +0 dagger and wearing a +0 robe (fast)
You throw a poisoned dart.
The poisoned dart closely misses the orc wizard.
The orc wizard gestures at you while chanting.
The magic dart hits you!
* * * LOW HITPOINT WARNING * * *
You hit the orc wizard.
You bite the orc wizard, but do no damage.
The orc wizard is moderately wounded.
The orc wizard barely misses you.
Throwing (i - inventory)
d - 5 poisoned darts (quivered)
Press: ? - help, Shift-Dir - straight line, f/p - orc wizard
Aim: an orc wizard, wielding a +0 dagger and wearing a +0 robe (moderately wounded, fast)
You throw a poisoned dart.
The poisoned dart barely misses the orc wizard.
The poisoned dart closely misses the orc.
The orc wizard hits you with a +0 dagger.
You die...

#####
##############.#.###
#.......@o..o.(#...
#.############o#.###
#.# #..........# #.#
#.####.#.#.# #.#
#.##.#.# # # #.#
...#.#.#+#.### #.#
#.##.#........ #.#
#.##o#.......# #.#
#.##o#........


You could see an orc priest, an orc wizard (fast) and an orc.

Vanquished Creatures
  A scorpion (D:3)
  2 orc wizards (D:4)
  2 centaur skeletons (D:4)
  An iguana (D:4)
  A worker ant (D:4)
  A hound skeleton (D:4)
  5 adders
  An ooze (D:2)
  4 worms
  2 dart slugs
  An orc (D:4)
  6 hobgoblins
  4 jackals (D:2)
  2 quokkas
  9 bats
  6 frilled lizards
  10 goblins
  7 kobolds
  6 rats
71 creatures vanquished.

Notes
Turn   | Place    | Note
-------+----------+-------------------------------------------
     0 | D:1      | Impeuri the Vine Stalker Assassin began the quest for the
                  | Orb.
     0 | D:1      | Reached XP level 1. HP: 11/11 MP: 2/2
   140 | D:1      | Reached skill level 5 in Stealth
   144 | D:1      | Reached XP level 2. HP: 9/15 MP: 0/3
  1027 | D:2      | Found a hazy altar of Hepliaklqana.
  1044 | D:2      | Reached XP level 3. HP: 18/18 MP: 4/4
  1284 | D:2      | Found a blossoming altar of Fedhas.
  1644 | D:2      | Gained mutation: Your natural rate of healing is unusually
                  | fast. [Vine Stalker growth]
  1644 | D:2      | Reached XP level 4. HP: 16/23 MP: 3/5
  2659 | D:3      | Found a radiant altar of Vehumet.
  2664 | D:3      | Reached skill level 6 in Stealth
  2664 | D:3      | Reached XP level 5. HP: 26/26 MP: 6/6
  3354 | D:4      | Reached XP level 6. HP: 13/30 MP: 7/7
  3573 | D:4      | HP: 1/30 [orc wizard/magic dart (6)]
  3575 | D:4      | Slain by an orc wizard

Illustrated notes

Levels and vault maps discovered:
D:1:      ncdulo_halloftheorcs, layout_basic, minmay_misc_feat_x,
          hangedman_feature_mirror
D:2:      layout_loops_corners, nicolae_overflow_crystal_walls, fedhas_altar_2,
          first_ration, minmay_misc_feat_rows, minmay_vboxes
D:3:      layout_loops_ring, overflow_temple_1_default
D:4:      layout_basic, nemelex_xobeh_ov_fountains_minmay, old_standard_altar

Skill      XL: |  1  2  3  4 |
---------------+-------------+-----
Short Blades   | 2 3 |  3.8
Stealth        | 5 6 |  6.9
Throwing       | 2 3 |  3.8
Fighting       | |  1.7
Dodging        | |  0.7

Action                   |  1- 3 |  4- 6 || total
-------------------------+-------+-------++-------
Melee: Dagger            |    91 |   125 ||   216
       Bite              |    17 |    37 ||    54
Throw: Dart              |     5 |    17 ||    22
 Stab: Sleeping          |    10 |     5 ||    15
  Eat: Chunk             |     2 |     6 ||     8
Armor: Robe              |    37 |    18 ||    55
Dodge: Dodged            |    50 |    66 ||   116
